AoeStats
← Sid

Arabia

506087367Analyzed
2v2 RM · 20d ago on Sep 12, 2026· 24m 16s· 4 players
Game mode
Random Map
Map size
Medium (4 player)
Population
200
Speed
Normal
Resources
Standard
Victory
Conquest
Starting age
Dark Age
Ending age
Imperial Age
RankedLock teamsTeams togetherTeam positionsShared explorationLock speedFull tech treeHidden civsTurbo modeCheats
Victory
Defeat
🇹🇼 Wei · Taiwan
1327
+16
🇨🇳 Wu · China
1316
+16
🇯🇵 Jurchens · Japan
1334
-17
🇯🇵 Cumans · Japan
1308
-15
魔鬼我在索马里
8:15 Loom
10:44 Feudal Age
16:03 Castle Age
14:01 Double-Bit Axe
14:10 Horse Collar
15:17 Gold Mining
17:32 Loom
18:37 Forging
22:59 Scale Mail Armor
24:35 Arson
stevenmin830605
6:52 Loom
9:40 Feudal Age
10:04 Horse Collar
10:10 Double-Bit Axe
15:22 Scale Barding Armor
16:22 Forging
21:53 Castle Age
19:56 Gold Mining
20:33 Bloodlines
20:46 Stone Mining
22:30 Wheelbarrow
22:46 Bow Saw
22:37 Heavy Plow
22:02 Light Cavalry
23:56 Iron Casting
fumin
5:55 Loom
8:58 Feudal Age
10:08 Double-Bit Axe
12:44 Horse Collar
22:43 Castle Age
21:16 Gold Mining
23:40 Fletching
23:51 Padded Archer Armor
24:04 Bow Saw
23:54 Heavy Plow
Sid
5:54 Loom
5:59 Loom
9:09 Feudal Age
9:51 Double-Bit Axe
16:02 Wheelbarrow
17:01 Horse Collar
20:59 Gold Mining
22:34 Fletching
Connection lost

Rejoining the realm…

Still unreachable

The connection could not be restored.

Session expired

The server has moved on; the page needs a fresh start.